 Dungeon Crawl Stone Soup version 0.18-a0-1109-gfc003ac (webtiles) character file.

35 xgamer67 the Stinger (level 3, -4/21 HPs)
             Began as an Octopode Venom Mage on Jan 16, 2016.
             Slain by a hound (6 damage)
             ... on level 2 of the Dungeon.
             The game lasted 00:03:19 (909 turns).

xgamer67 the Stinger (Octopode Venom Mage)           Turns: 909, Time: 00:03:19

Health: -4/21      AC:  1    Str:  7    XL:     3   Next: 33%
Magic:  0/6        EV: 12    Int: 18    God:
Gold:   22         SH:  0    Dex: 12    Spells: 3 memorised, 0 levels left

rFire  . . .     SeeInvis .     a - +2 dagger (speed)
rCold  . . .     Gourm    .     (no shield)
rNeg   + . .     Faith    .     (helmet restricted)
rPois  .         Spirit   .     (no amulet)
rElec  .         Dismiss  .     m - ring of positive energy
rCorr  .         Reflect  .     (no ring)
SustAt .         Harm     .     (no ring)
MR     .....                    (no ring)
Stlth  +++.......               (no ring)
                                (no ring)
                                (no ring)
                                (no ring)

@: not resistant to hostile enchantments, fairly stealthy
A: almost no armour, amphibious, 8 rings, constrict 8, camouflage 1, gelatinous
body 1
a: no special abilities


You were on level 2 of the Dungeon.
You were not hungry.

You visited 1 branch of the dungeon, and saw 2 of its levels.

You collected 22 gold pieces.

Inventory:

Hand Weapons
 a - a +2 dagger of speed (weapon)
Jewellery
 m - a ring of positive energy (left tentacle)
Scrolls
 c - a scroll of blinking {unknown}
 h - a scroll of noise {unknown}
 i - 3 scrolls of remove curse
 j - a scroll of immolation
 n - a scroll of enchant weapon {unknown}
Potions
 g - a potion of cure mutation {unknown}
 k - 2 potions of curing {unknown}
 l - a potion of lignification {unknown}
Books
 e - a Young Poisoner's Handbook

   Spells                             Type                      Level
   a - Sting                          Conjuration/Poison           1
   b - Cure Poison                    Poison                       2
   c - Mephitic Cloud                 Conjuration/Poison/Air       3
   d - Olgreb's Toxic Radiance        Poison                       4
   e - Venom Bolt                     Conjuration/Poison           5
Comestibles
 b - 2 bread rations
 d - a meat ration
 f - 4 chunks of flesh


   Skills:
 - Level 2.0 Dodging
 - Level 3.0 Stealth
 - Level 2.0 Spellcasting
 * Level 2.4 Conjurations
 - Level 5.0 Poison Magic


You couldn't memorise any spells.
You knew the following spells:

 Your Spells              Type           Power        Failure   Level  Hunger
a - Sting                 Conj/Pois      ###.         4%          1    #......
d - Mephitic Cloud        Conj/Pois/Air  ##......     24%         3    ###....
P - Cure Poison           Pois           ###.......   3%          2    ###....


Dungeon Overview and Level Annotations

Branches:
Dungeon (2/15)

Altars:
Makhleb
Nemelex Xobeh


Innate Abilities, Weirdness & Mutations

You cannot wear most types of armour.
You are amphibious.
You can wear up to eight rings at the same time.
You can use your tentacles to constrict eight enemies at once.
Your skin changes colour to match your surroundings (Stealth).
Your rubbery body absorbs attacks (AC +1).


Message History

Confirm with . or Enter, or press ? or * to list all spells.
Aiming: Sting
Press: ? - help, Shift-Dir - straight line, f/p - hound
Aim: a hound (moderately wounded, poisoned)
The sting hits the hound.
The hound looks even sicker.
The hound is heavily wounded.
The hound misses you.
Casting: Sting
Confirm with . or Enter, or press ? or * to list all spells.
Aiming: Sting
Press: ? - help, Shift-Dir - straight line, f/p - hound
Aim: a hound (heavily wounded, poisoned)
The sting misses the hound.
The hound bites you. x2
* * * LOW HITPOINT WARNING * * *
The hound bites you.
* * * LOW HITPOINT WARNING * * *
You hit the hound. Your grab misses the hound.
The hound is heavily wounded.
The hound bites you.
You die...

#.##.... #.##....
#.#####.##....
#.......##....
##########........
#.....)......###.#
#.#######....# #..
#.# #....# #..
#@#######....# #..
#.h....##....# #..
#.##...##..#.# ###
...# ....#..#.#
##### ....#..#.#
._..# #∩### ##


You could see a hound.

Vanquished Creatures
  An ooze (D:2)
  A giant gecko (D:1)
  A ball python (D:2)
  A giant cockroach (D:1)
  9 goblins
  2 hobgoblins
  2 jackals (D:1)
  4 bats (D:1)
  2 giant newts (D:1)
  4 rats (D:1)
27 creatures vanquished.

Notes
Turn   | Place    | Note
--------------------------------------------------------------
     0 | D:1      | xgamer67 the Octopode Venom Mage began the quest for the Orb.
     0 | D:1      | Reached XP level 1. HP: 11/11 MP: 3/3
   104 | D:1      | Reached skill level 5 in Poison Magic
   213 | D:1      | Reached skill level 1 in Conjurations
   213 | D:1      | Reached XP level 2. HP: 10/17 MP: 5/5
   217 | D:1      | Learned a level 2 spell: Cure Poison
   662 | D:1      | Found a sparkling altar of Nemelex Xobeh.
   713 | D:1      | Reached XP level 3. HP: 21/21 MP: 6/6
   722 | D:1      | Learned a level 3 spell: Mephitic Cloud
   900 | D:2      | Found a burning altar of Makhleb.
   909 | D:2      | Slain by a hound

Vault maps used:
D:1:      saegor_arrival_simple_b, nemelex_diamond_rough_becter
D:2:      lemuel_doored_altar, makhleb_heckhound_becter, minmay_ruptured,
          uniq_robin

Action                   || total
-------------------------++-------
Melee: Dagger            ||    50
 Cast: Sting             ||    14
  Use: Scroll            ||     2
 Stab: Sleeping          ||     5
